 Dungeon Crawl Stone Soup version 0.24-a0-361-g57161393b2 (webtiles) character file.

Game seed: 15432925092769457069

5078 Nautrax the Protected (level 10, -2/93 HPs)
             Began as a Minotaur Fighter on May 26, 2019.
             Was an Elder of Okawaru.
             Slain by a death yak (15 damage)
             ... on level 8 of the Dungeon.
             The game lasted 00:58:19 (6906 turns).

Nautrax the Protected (Minotaur Fighter)            Turns: 6906, Time: 00:58:20

Health: -2/93      AC: 17    Str: 23    XL:     10   Next: 31%
Magic:  9/9        EV:  7    Int:  5    God:    Okawaru [****..]
Gold:   463        SH: 12    Dex: 11    Spells: 9/9 levels left

rFire    . . .     SeeInvis +   J - +4 long sword (slice)
rCold    . . .     Gourm    .   c - +0 shield
rNeg     . . .     Faith    .   K - +3 chain mail {rPois}
rPois    +         Spirit   .   (helmet restricted)
rElec    .         Reflect  .   (no cloak)
rCorr    .         Harm     .   (no gloves)
MR       .....                  (no boots)
Stlth    ..........             (no amulet)
HPRegen  0.25/turn              l - +3 ring of protection
MPRegen  0.11/turn              z - ring of see invisible

@: no status effects
A: retaliatory headbutt, horns 2
a: Heroism, Renounce Religion


You were on level 8 of the Dungeon.
You worshipped Okawaru.
Okawaru was greatly pleased with you.
You were not hungry.

You visited 2 branches of the dungeon, and saw 9 of its levels.

You collected 463 gold pieces.

Inventory:

Hand Weapons
 i - a +2 dagger of flaming
 p - a +2 short sword of flaming
 s - a +1 dagger of draining
 y - a +3 short sword
 D - a +2 dagger of speed
 J - a +4 long sword of slicing (weapon)
Armour
 c - a +0 shield (worn)
 K - a +3 chain mail of poison resistance (worn)
Jewellery
 l - a +3 ring of protection (left hand)
 v - an uncursed ring of positive energy
 w - a +3 ring of dexterity
 z - a ring of see invisible (right hand)
 A - a +1 ring of evasion
 M - a +6 ring of protection
Wands
 g - a wand of polymorph (10)
 x - a wand of paralysis (5)
 G - a wand of iceblast (7)
Scrolls
 b - 3 scrolls of fear
 e - 3 scrolls of identify
 k - 4 scrolls of teleportation
 q - 2 scrolls of immolation
 B - 2 scrolls of remove curse
 I - a scroll of amnesia
Potions
 d - a potion of might
 h - a potion of agility
 m - 3 potions of curing
 n - 2 potions of degeneration
 o - 2 potions of lignification
 r - a potion of brilliance
 t - a potion of haste
 u - a potion of invisibility
 C - a potion of magic
 E - a potion of cancellation
 F - a potion of heal wounds {unknown}
Comestibles
 f - 9 rations


   Skills:
 + Level 9.8 Fighting
 - Level 7.5(7.9) Short Blades
 * Level 4.0(6.6) Long Blades
   Level 2.4 Axes
 + Level 9.8 Armour
 - Level 0.1 Dodging
 + Level 9.7 Shields


You had 9 spell levels left.
You didn't know any spells.
Your spell library was empty.

Dungeon Overview and Level Annotations

Branches:
Dungeon (8/15)             Temple (1/1) D:6
   Lair: D:8-11

Altars:
Ashenzari
Cheibriados
Dithmenos
Elyvilon
Fedhas
Gozag
Hepliaklqana
Kikubaaqudgha
Makhleb
Nemelex Xobeh
Okawaru
Qazlal
Ru
Sif Muna
Trog
Uskayaw
Vehumet
Wu Jian
Xom
Yredelemnul
Zin
The Shining One

Annotations:
D:2 exclusion: oklob plant


Innate Abilities, Weirdness & Mutations

You reflexively headbutt those who attack you in melee.
You have a pair of horns on your head.


Message History

The death yak snorts and paws the ground.
You hit the death yak but do no damage.
The death yak is heavily wounded.
The death yak gores you! x2
* * * LOW HITPOINT WARNING * * *
As you read the scroll of fear, it crumbles to dust.
You assume a fearsome visage.
The death yak looks frightened! x2
The death yak resists with some effort.
The quokka looks frightened!
You hit the death yak.
Your attack snaps the death yak out of its fear.
The death yak is heavily wounded.
You hit the death yak. You headbutt the death yak!
The death yak is lightly wounded.
The death yak gores you!
* * * LOW HITPOINT WARNING * * *
The death yak gores you!
* * * LOW HITPOINT WARNING * * *
There is an open door here.
You feel better. The death yak gores you!
You die...

###.. ..#.# ....######.#.#
##### #....Y...Y.# #...#
#....###...## #...#
#.Y..YY.....# # #...#
#Y#.#.###...#
#.#...###########(#.#.......#
#.#...#........##Y#.#..#....#
#.....'........@Y.#>#..# .>.#
.###...#........####.#..#
##.# ...รท.<......#####
#.#..# .# .##....####.#
#.#<.# .# #....# #.# ##.#
#....# #.# .. #.#### #.# #.#
#.# #.# #.#


You could see 2 death yaks.

Vanquished Creatures
  2 death yaks (D:8)
  The ghost of Zaque the Charlatan, a novice DDAr of Trog (D:7)
  Sigmund (D:3)
  Eustachio (D:6)
  A water moccasin (D:7)
  An orc warrior (D:6)
  A sky beast (D:8)
  The ghost of Shaidar the Skirmisher, an amateur MiBe of Trog (D:4)
  3 phantoms
  2 ogres
  3 centaurs
  A big kobold (D:7)
  6 bullfrogs
  3 scorpions
  A water moccasin skeleton (D:6)
  5 wights (D:6)
  A howler monkey (D:4)
  A crimson imp (D:8)
  A bullfrog zombie (D:6)
  4 hounds
  An iron imp (D:7)
  A centaur skeleton (D:7)
  A gnoll shaman (D:6)
  5 orc priests
  2 orc wizards
  An iguana (D:7)
  8 worker ants
  A howler monkey zombie (D:7)
  A worker ant zombie (D:5)
  9 gnolls
  15 adders
  A river rat (D:6)
  An ooze (D:3)
  2 adder skeletons
  5 worms
  2 dart slugs
  2 leopard geckos
  18 orcs
  A giant cockroach (D:6)
  6 hobgoblins
  2 jackals (D:4)
  16 kobolds
  A quokka (D:6)
  3 ball pythons
  8 bats
  5 frilled lizards
  4 goblins
  A goblin zombie (D:7)
  4 hobgoblin zombies (D:7)
  2 kobold skeletons (D:7)
  2 kobold zombies (D:7)
  An orc skeleton (D:7)
  A quokka skeleton (D:4)
  A quokka zombie (D:6)
  8 rats
  A plant (D:2)
183 creatures vanquished.

Vanquished Creatures (others)
  An orc wizard (D:6)
1 creature vanquished.

Grand Total: 184 creatures vanquished

Notes
Turn   | Place    | Note
-------+----------+-------------------------------------------
     0 | D:1      | Nautrax the Minotaur Fighter began the quest for the Orb.
     0 | D:1      | Reached XP level 1. HP: 19/19 MP: 0/0
   149 | D:1      | Reached XP level 2. HP: 25/27 MP: 1/1
   875 | D:2      | Reached XP level 3. HP: 30/33 MP: 2/2
   876 | D:2      | Reached skill level 1 in Short Blades
  1179 | D:2      | Found a blossoming altar of Fedhas.
  1193 | D:2      | Noticed an oklob plant
  1395 | D:3      | Reached XP level 4. HP: 41/41 MP: 3/3
  1433 | D:3      | Noticed Sigmund
  1442 | D:3      | Killed Sigmund
  1442 | D:3      | Reached skill level 5 in Fighting
  1442 | D:3      | Reached skill level 5 in Armour
  1442 | D:3      | Reached XP level 5. HP: 48/48 MP: 4/4
  1485 | D:3      | Reached skill level 5 in Shields
  1804 | D:3      | Reached XP level 6. HP: 46/56 MP: 5/5
  2382 | D:4      | Reached XP level 7. HP: 55/62 MP: 6/6
  2593 | D:4      | Found a large runed translucent door.
  2593 | D:4      | Found a large runed translucent door.
  2596 | D:4      | Noticed Shaidar's ghost (amateur MiBe)
  2976 | D:4      | Killed Shaidar's ghost
  3054 | D:5      | Entered Level 5 of the Dungeon
  3281 | D:5      | Reached XP level 8. HP: 38/71 MP: 7/7
  3443 | D:5      | Found a sacrificial altar of Ru.
  3443 | D:5      | Found a stormy altar of Qazlal.
  3448 | D:5      | Found a radiant altar of Vehumet.
  3455 | D:5      | Found a glowing silver altar of Zin.
  3457 | D:5      | Found an iron altar of Okawaru.
  3491 | D:5      | Became a worshipper of Warmaster Okawaru
  3777 | D:6      | Found a staircase to the Ecumenical Temple.
  3778 | D:6      | Noticed Eustachio
  3809 | D:6      | Killed Eustachio
  3809 | D:6      | Reached skill level 5 in Short Blades
  4181 | D:6      | Reached * piety under Okawaru
  4310 | D:6      | Found a glowing drain.
  4489 | D:6      | Reached XP level 9. HP: 53/81 MP: 8/8
  4838 | D:6      | Found an ornate altar of the Wu Jian Council.
  5194 | Temple   | Entered the Ecumenical Temple
  5534 | D:7      | Found a shimmering altar of Xom.
  5611 | D:7      | Found a sparkling altar of Nemelex Xobeh.
  5627 | D:7      | Found a shattered altar of Ashenzari.
  5629 | D:7      | Reached ** piety under Okawaru
  5636 | D:7      | Found a basalt altar of Yredelemnul.
  5640 | D:7      | Found a hide-covered altar of Uskayaw.
  5751 | D:7      | Found an opulent altar of Gozag.
  5781 | D:7      | Found a runed translucent door.
  5781 | D:7      | Noticed Zaque's ghost (novice DDAr)
  5979 | D:7      | Found a glowing golden altar of the Shining One.
  6307 | D:7      | Killed Zaque's ghost
  6307 | D:7      | Reached *** piety under Okawaru
  6459 | D:8      | Reached skill level 1 in Long Blades
  6464 | D:8      | Noticed a death yak
  6481 | D:8      | Killed a death yak
  6481 | D:8      | Received a gift from Okawaru
  6481 | D:8      | Reached XP level 10. HP: 43/91 MP: 9/9
  6865 | D:8      | Noticed a death yak
  6877 | D:8      | Noticed a death yak
  6878 | D:8      | Noticed a death yak
  6880 | D:8      | Noticed a death yak
  6880 | D:8      | Noticed a death yak
  6892 | D:8      | Killed a death yak
  6892 | D:8      | Reached **** piety under Okawaru
  6904 | D:8      | HP: 4/93 [death yak (10)]
  6906 | D:8      | Slain by a death yak

Levels and vault maps discovered:
D:1:      sevenhm_arrival_forest_fort_small_5, layout_basic
D:2:      layout_rooms, tgw_fedhas
D:3:      layout_basic, first_ration, minmay_vboxes, uniq_sigmund
D:4:      layout_loops_cross, ebering_ghost_disaster_area, kennysheep_donut
D:5:      cheibrodos_quashed, layout_rooms, chequers_temple_overflow_minitemple
D:6:      layout_rooms, kennysheep_mini, minmay_temple_entry_glass,
          portal_sewer_entry_a, uniq_eustachio
D:7:      layout_rooms, nicolae_gozag_cash_rules_everything_around_me,
          grunt_temple_overflow_open, basic_altar, ebering_ghost_inner_flame,
          nicolae_tso_besieged_by_evil
D:8:      layout_basic, dpeg_lair_monsters, nicolae_ossuary_entry_giza
Temple:   eino_temple_lava

Skill      XL: |  1  2  3  4  5  6  7  8  9 10 |
---------------+-------------------------------+-----
Fighting       | 4 5 6 8 9 |  9.8
Armour         | 4 5 6 7 9 |  9.8
Shields        | 4 5 6 7 9 |  9.7
Short Blades   | 1 2 3 4 6 7 |  7.5
Long Blades    | 2 4 |  4.0
Axes           | |  2.4
Dodging        | |  0.1

Action                   |  1- 3 |  4- 6 |  7- 9 | 10-12 || total
-------------------------+-------+-------+-------+-------++-------
Melee: War axe           |    22 |       |       |       ||    22
       Headbutt          |    21 |    26 |   122 |     8 ||   177
       Dagger            |   119 |   102 |   335 |       ||   556
       Short sword       |       |       |   175 |       ||   175
       Long sword        |       |       |    26 |    23 ||    49
  Use: Scroll            |     4 |     6 |    12 |     3 ||    25
       Potion            |       |       |       |     1 ||     1
  Eat: Chunk             |     1 |     1 |     5 |       ||     7
       Ration            |     1 |       |     3 |       ||     4
Armor: Scale mail        |    14 |       |       |       ||    14
       Plate armour      |    57 |    53 |   156 |       ||   266
       Chain mail        |       |       |    11 |     3 ||    14
Dodge: Dodged            |    18 |    18 |    67 |     3 ||   106
Block: Shield            |    79 |    43 |   218 |    10 ||   350
       Rpst.: Long sword |       |       |     3 |     2 ||     5

Table legend:
 A = Non-vault XP
 B = Vault XP
 C = Vault XP percentage of total XP
 D = Non-vault monster count
 E = Vault monster count
 F = Vault count percentage of total count
                 A         B        C        D         E       F
            +---------+---------+-------+---------+---------+-------
      Total |    4064 |    3191 |  44.0 |     155 |      27 |  14.8
            +---------+---------+-------+---------+---------+-------
        D:1 |      30 |       0 |   0.0 |      21 |       0 |   0.0
        D:2 |      55 |       0 |   0.0 |      15 |       0 |   0.0
        D:3 |      67 |     232 |  77.6 |      15 |       5 |  25.0
        D:4 |     576 |     127 |  18.1 |      19 |       1 |   5.0
        D:5 |     525 |       0 |   0.0 |      16 |       0 |   0.0
        D:6 |    1306 |     218 |  14.3 |      37 |       6 |  14.0
        D:7 |    1213 |     889 |  42.3 |      28 |      13 |  31.7
        D:8 |     292 |    1725 |  85.5 |       4 |       2 |  33.3
            +---------+---------+-------+---------+---------+-------
